 Dungeon Crawl Stone Soup version 0.22-a0-596-gfbd32a6 (webtiles) character file.

7767 vinnietd the Carver (level 11, -4/136 HPs)
             Began as a Purple Draconian Fighter on July 5, 2018.
             Was a Believer of Trog.
             Slain by an orc warrior
             ... wielding a +5 glaive
              (8 damage)
             ... on level 9 of the Dungeon.
             The game lasted 00:24:34 (10929 turns).

vinnietd the Carver (Purple Draconian Fighter)     Turns: 10929, Time: 00:24:35

Health: -4/136     AC:  7    Str: 23    XL:     11   Next: 1%
Magic:  11/11      EV: 13    Int:  7    God:    Trog [**....]
Gold:   482        SH: 11    Dex: 14    Spells: 10/10 levels left

rFire    . . .     SeeInvis .   a - +1 long sword
rCold    . . .     Gourm    .   b - +0 shield
rNeg     + . .     Faith    .   (armour unavailable)
rPois    .         Spirit   .   (helmet restricted)
rElec    .         Reflect  .   (no cloak)
rCorr    .         Harm     .   (no gloves)
MR       +....                  (no boots)
Stlth    ..........             y - amulet of regeneration
HPRegen  1.12/turn              p - ring of positive energy
MPRegen  0.12/turn              t - ring of stealth

@: berserking (expiring), short of breath, very quick
A: breathe power, unfitting armour, claws 1, dopey 1, regeneration 1,
cold-blooded, AC +7
a: Breathe Dispelling Energy, Berserk, Trog's Hand, Renounce Religion


You were on level 9 of the Dungeon.
You worshipped Trog.
Trog was pleased with you.
You were near starving.

You visited 1 branch of the dungeon, and saw 9 of its levels.

You collected 482 gold pieces.

Inventory:

Hand Weapons
 a - a +1 long sword (weapon)
Missiles
 f - 5 silver javelins (quivered)
 h - 3 poisoned tomahawks
Armour
 b - a +0 shield (worn)
Jewellery
 p - a ring of positive energy (left claw)
 t - a ring of stealth (right claw)
 y - an amulet of regeneration (around neck)
Wands
 e - a wand of enslavement (25)
 i - a wand of flame (69)
 o - a wand of disintegration (19)
 v - a wand of digging (14)
 C - a wand of random effects (24)
Scrolls
 n - 3 scrolls of enchant weapon
 s - 3 scrolls of fear
 w - 2 scrolls of immolation {unknown}
 x - 5 scrolls of teleportation
 z - a scroll of magic mapping {unknown}
 A - 2 scrolls of identify {@r1}
 D - a scroll of remove curse {@r2}
 E - a scroll of summoning {unknown}
 F - a scroll of acquirement {unknown}
Potions
 c - a potion of degeneration {unknown}
 g - a potion of brilliance {unknown}
 j - 2 potions of mutation {!q}
 k - a potion of resistance {unknown}
 l - 2 potions of berserk rage
 m - 4 potions of curing {@q1}
 q - a potion of cancellation {unknown}
 u - a potion of agility
Comestibles
 d - 15 rations


   Skills:
 + Level 6.6 Fighting
 - Level 14.0 Long Blades
 + Level 5.4 Dodging
 + Level 6.0 Shields


You had 10 spell levels left.
You didn't know any spells.
Your spell library was empty.

Dungeon Overview and Level Annotations

Branches:
Dungeon (9/15)             Temple (0/1) D:5             Orc (0/2) D:9
   Lair: D:8-11

Altars:
Cheibriados
Kikubaaqudgha
Qazlal
Trog
Vehumet
Yredelemnul
The Shining One
Beogh

Shops:
D:5 [   D:7 (


Innate Abilities, Weirdness & Mutations

You can breathe bolts of dispelling energy.
Your rich purple scales are hard. (AC +7)
You cannot fit into any form of body armour.
You are cold-blooded and may be slowed by cold attacks.
You have sharp fingernails.
You are dopey. (Int -2)
Your natural rate of healing is unusually fast.


Message History

The orc warrior hits you from afar with an enchanted glaive!!
* * * LOW HITPOINT WARNING * * *
You slash Creed's ghost! You tail-slap Creed's ghost!
Creed's ghost is severely damaged.
The orc priest invokes the aid of Beogh against you.
Beogh smites you!
* * * LOW HITPOINT WARNING * * *
Creed's ghost closely misses you.
You riposte.
You slash Creed's ghost!
Creed's ghost is almost destroyed.
You are too berserk!
You closely miss Creed's ghost.
Creed's ghost is almost destroyed.
You slice Creed's ghost!!
You destroy Creed's ghost!
Trog accepts your kill.
Trog appreciates your killing of a magic user.
Your Shields skill increases to level 6!
You have reached level 11!
The orc warrior hits you from afar with an enchanted glaive!
You die...

#...........###
#.........###
#.........#
#.........#
#####.#######
#8####### #.#.....8
#)#..##..
#@#..#8..#####
#.#..##..#...#
#o#o#...)#...#####
##oho#...[#.รท.'....
#.oo.#.8._#...#####
#..'.#....#####
#..#.#....
#..#..##..
#..#oo#8..


You could see a warg, an orc warrior, an orc priest and 4 orcs.

Vanquished Creatures
  A two-headed ogre (D:8)
  The ghost of Creed the Destroyer, a novice DsFE of Vehumet (D:9)
  Pikel (D:4)
  Psyche (D:7)
  A troll (D:9)
  Grinder (D:3)
  Prince Ribbit (D:8)
  A hippogriff (D:7)
  Grum (D:8)
  Edmund (D:4)
  A soldier ant (D:9)
  2 water moccasins
  Duvessa (D:4)
  4 orc warriors
  2 sky beasts
  A slave (D:4)
  6 ice beasts
  A phantom (D:4)
  2 wolves (D:8)
  6 ogres
  4 centaurs
  A big kobold (D:7)
  3 bullfrogs
  A gnoll sergeant (D:5)
  3 scorpions
  Dowan (D:4)
  4 killer bees (D:7)
  2 howler monkeys (D:7)
  3 crimson imps
  3 hounds
  3 bullfrog skeletons
  2 centaur skeletons
  2 jellies
  7 orc priests
  2 gnoll shamans
  3 worker ants
  Ijyb (D:4)
  5 iguanas
  7 orc wizards
  A hound skeleton (D:5)
  Robin (D:3)
  A worker ant zombie (D:4)
  12 gnolls
  2 howler monkey skeletons
  7 adders
  3 shadow imps
  2 oozes
  An adder zombie (D:9)
  An adder skeleton (D:9)
  2 dart slugs (D:2)
  6 worms
  6 leopard geckos
  36 orcs
  A giant cockroach (D:1)
  13 goblins
  11 hobgoblins
  6 jackals
  2 ball pythons
  2 bats (D:1)
  8 frilled lizards
  14 kobolds
  2 leopard gecko skeletons
  A leopard gecko zombie (D:6)
  A quokka skeleton (D:4)
  6 rats
241 creatures vanquished.

Vanquished Creatures (others)
  3 slaves (D:4)
3 creatures vanquished.

Grand Total: 244 creatures vanquished

Notes
Turn   | Place    | Note
-------+----------+-------------------------------------------
     0 | D:1      | vinnietd the Draconian Fighter began the quest for the Orb.
     0 | D:1      | Reached XP level 1. HP: 19/19 MP: 1/1
   203 | D:1      | Reached XP level 2. HP: 26/26 MP: 2/2
   276 | D:1      | Reached skill level 3 in Long Blades
   598 | D:1      | Reached XP level 3. HP: 11/31 MP: 3/3
  1355 | D:2      | Reached skill level 4 in Long Blades
  1753 | D:2      | Reached XP level 4. HP: 30/38 MP: 4/4
  2204 | D:3      | Noticed Grinder
  2218 | D:3      | Killed Grinder
  2218 | D:3      | Reached skill level 6 in Long Blades
  2218 | D:3      | Reached XP level 5. HP: 18/45 MP: 5/5
  2218 | D:3      | Reached XP level 6. HP: 20/51 MP: 6/6
  3214 | D:3      | Found an ancient bone altar of Kikubaaqudgha.
  3260 | D:3      | Reached skill level 7 in Long Blades
  3291 | D:3      | Noticed Robin
  3397 | D:3      | Killed Robin
  3677 | D:4      | Noticed Dowan
  3680 | D:4      | Noticed Duvessa
  3972 | D:4      | Noticed a slave
  4023 | D:4      | Noticed a slave
  4047 | D:4      | Killed a slave
  4189 | D:4      | Noticed a slave
  4193 | D:4      | Noticed Pikel
  4201 | D:4      | Noticed a slave
  4267 | D:4      | Your scales start taking on a rich purple colour.
  4267 | D:4      | Reached XP level 7. HP: 45/57 MP: 7/7
  4395 | D:4      | Killed Pikel
  4395 | D:4      | Reached skill level 9 in Long Blades
  4395 | D:4      | Reached XP level 8. HP: 55/63 MP: 8/8
  4676 | D:4      | Killed Dowan
  4680 | D:4      | Killed Duvessa
  4680 | D:4      | Reached skill level 10 in Long Blades
  4726 | D:4      | Noticed Edmund
  4740 | D:4      | Noticed Ijyb
  4756 | D:4      | Killed Ijyb
  4759 | D:4      | Killed Edmund
  5035 | D:4      | Found a bloodstained altar of Trog.
  5195 | D:4      | Became a worshipper of Trog the Wrathful
  5636 | D:4      | Gained mutation: You have sharp fingernails. [potion of mutation]
  5636 | D:4      | Gained mutation: You are dopey. (Int -2) [potion of mutation]
  5636 | D:4      | Gained mutation: Your natural rate of healing is unusually fast. [potion of mutation]
  5664 | D:5      | Entered Level 5 of the Dungeon
  5698 | D:5      | Reached skill level 11 in Long Blades
  5722 | D:5      | Found a staircase to the Ecumenical Temple.
  6065 | D:5      | Found a glowing golden altar of the Shining One.
  6162 | D:5      | Found a basalt altar of Yredelemnul.
  6198 | D:5      | Reached XP level 9. HP: 62/70 MP: 9/9
  6240 | D:5      | Noticed an angel
  6326 | D:5      | Found Mibroun's Antique Armour Emporium.
  6623 | D:6      | Found a stormy altar of Qazlal.
  6637 | D:6      | Reached * piety under Trog
  6818 | D:6      | Reached skill level 12 in Long Blades
  7208 | D:6      | Found a snail-covered altar of Cheibriados.
  7919 | D:7      | You fall through a shaft for 2 floors!
  7926 | D:8      | Noticed Grum
  7941 | D:8      | Killed Grum
  7941 | D:8      | Reached skill level 13 in Long Blades
  8237 | D:7      | Found a radiant altar of Vehumet.
  8261 | D:7      | Reached ** piety under Trog
  8765 | D:7      | Found Gooso's Antique Weapon Boutique.
  9033 | D:7      | Reached XP level 10. HP: 77/77 MP: 10/10
  9146 | D:8      | Reached skill level 14 in Long Blades
  9171 | D:8      | Noticed a two-headed ogre
  9306 | D:8      | Noticed Prince Ribbit
  9490 | D:8      | Noticed Psyche
  9511 | D:7      | Killed Psyche
  9666 | D:8      | Killed Prince Ribbit
 10010 | D:8      | Killed a two-headed ogre
 10010 | D:8      | Reached skill level 5 in Fighting
 10112 | D:9      | Reached skill level 5 in Shields
 10271 | D:9      | Found a staircase to the Orcish Mines.
 10488 | D:9      | Reached skill level 5 in Dodging
 10706 | D:9      | Found a runed gate.
 10707 | D:9      | Found a runed gate.
 10708 | D:9      | Found a runed gate.
 10708 | D:9      | Noticed Creed's ghost (novice DsFE)
 10850 | D:9      | Found a roughly hewn altar of Beogh.
 10927 | D:9      | HP: 3/126 [orc priest/divine providence (14)]
 10929 | D:9      | Killed Creed's ghost
 10929 | D:9      | Reached XP level 11. HP: 3/91 MP: 11/11
 10929 | D:9      | Slain by an orc warrior

Vault maps used:
D:1:      eino_arrival_druids_welcome
D:2:      st_stairs_1, guppyfry_early_lair_pool
D:3:      marbit_many_paths, grunt_decor_mini_mirrors, uniq_robin, uniq_grinder
D:4:      lemuel_coloured_pillars_altar, uniq_edmund, uniq_pikel, uniq_ijyb,
          uniq_duvessa
D:5:      grunt_temple_overflow_holy_war, minmay_temple_entry_mist,
          first_ration, serial_shops, nicolae_shop_waterfront
D:6:      slow_altar_2, nicolae_qazlal_eye_of_the_storm,
          minmay_tree_intersection
D:7:      nicolae_overflow_crystal_walls, serial_shops, kennysheep_mini
D:8:      uniq_grum, uniq_prince_ribbit1, uniq_psyche
D:9:      orc_0_dummy, biasface_ghost_orc_armoury

Skill      XL: |  1  2  3  4  5  6  7  8  9 10 |
---------------+-------------------------------+-----
Long Blades    | 3 4 6 7 9 11 13 14 | 14.0
Dodging        | 5 |  5.4
Fighting       | 6 |  6.6
Shields        | 6 |  6.0

Action                   |  1- 3 |  4- 6 |  7- 9 | 10-12 || total
-------------------------+-------+-------+-------+-------++-------
Melee: Long sword        |   134 |   187 |   419 |   253 ||   993
       Tailslap          |    12 |    29 |    72 |    49 ||   162
Throw: Javelin           |       |       |       |     3 ||     3
Invok: Berserk           |       |       |     4 |     6 ||    10
 Abil: Breathe Dispellin |       |       |    18 |    11 ||    29
  Use: Potion            |       |     2 |     3 |     1 ||     6
       Scroll            |       |     8 |     6 |       ||    14
 Stab: Sleeping          |       |     1 |       |     2 ||     3
  Eat: Chunk             |     3 |     8 |    12 |     9 ||    32
       Ration            |       |       |     3 |     1 ||     4
Armor: Skin              |    30 |    35 |    87 |    32 ||   184
Dodge: Dodged            |    51 |    64 |   141 |    97 ||   353
Block: Shield            |    62 |    83 |   156 |   107 ||   408
       Rpst.: Long sword |    19 |    19 |    33 |    31 ||   102

Table legend:
 A = Spawn XP
 B = Non-spawn XP
 C = Spawn XP percentage of total XP
 D = Spawn monster count
 E = Non-spawn monster count
 F = Spawn count percentage of total count
 G = Total turns spent on level
                    A         B        C        D         E        F      G
               +---------+---------+-------+---------+---------+-------+---------
         Total |       0 |   11097 |   0.0 |       0 |     240 |   0.0 | 10929
               +---------+---------+-------+---------+---------+-------+---------
           D:1 |       0 |      28 |   0.0 |       0 |      18 |   0.0 |   765
           D:2 |       0 |      97 |   0.0 |       0 |      28 |   0.0 |  1616
           D:3 |       0 |     579 |   0.0 |       0 |      41 |   0.0 |  1595
           D:4 |       0 |    1623 |   0.0 |       0 |      24 |   0.0 |  1798
           D:5 |       0 |     474 |   0.0 |       0 |      19 |   0.0 |   582
           D:6 |       0 |     584 |   0.0 |       0 |      15 |   0.0 |  1109
           D:7 |       0 |    2554 |   0.0 |       0 |      42 |   0.0 |  1503
           D:8 |       0 |    2580 |   0.0 |       0 |      25 |   0.0 |  1100
           D:9 |       0 |    2578 |   0.0 |       0 |      28 |   0.0 |   861
               +---------+---------+-------+---------+---------+-------+---------
